 Dungeon Crawl Stone Soup version 0.30-a0-1018-g25214051b3 (webtiles) character file.

Game seed: 3341113599475367252

50 Pimp the Trooper (level 3, -6/28 (29) HPs)
             Began as a Demonspawn Fighter on Apr 7, 2023.
             Mangled by an iguana (9 damage)
             ... on level 4 of the Dungeon.
             The game lasted 00:02:02 (990 turns).

Pimp the Trooper (Demonspawn Fighter)                Turns: 990, Time: 00:02:03

HP:   -6/28 (29)    AC:  6    Str: 18    XL:     3   Next: 55%
MP:   3/3           EV:  9    Int:  9    God:
Gold: 63            SH:  4    Dex: 12    Spells: 2/2 levels left

rFire   . . .      SeeInvis .    a - +0 war axe
rCold   . . .      Faith    .    c - +0 buckler
rNeg    . . .      Spirit   .    b - +0 scale mail
rPois   .          Reflect  .    (no helmet)
rElec   .          Rampage  .    (no cloak)
rCorr   .                        (no gloves)
Will    .....                    (no boots) Stlth
                                 (no amulet)
HPRegen 0.24/turn                (no ring)
MPRegen 0.08/turn                (no ring)

@: lightly drained
A: hooves 1
a: no special abilities


You were on level 4 of the Dungeon.
You visited 1 branch of the dungeon, and saw 3 of its levels.

You collected 63 gold pieces.

Inventory:

Hand Weapons
 a - a +0 war axe (weapon)
Armour
 b - a +0 scale mail (worn)
 c - a +0 buckler (worn)
Scrolls
 e - 2 scrolls of immolation
 f - a scroll of teleportation {unknown}
 g - a scroll of identify
 i - a scroll of fear {unknown}
 k - a scroll of magic mapping {unknown}
 l - a scroll of fog {unknown}
Potions
 d - 2 potions of might
 h - a potion of magic {unknown}
 j - 2 potions of mutation
 m - a potion of brilliance {unknown}


   Skills:
 + Level 3.5 Fighting
 + Level 2.3 Axes
 + Level 3.1 Armour
 + Level 3.1 Shields


You had 2 spell levels left.
You didn't know any spells.
Your spell library was empty.

Dungeon Overview and Level Annotations

Branches:
Dungeon (2/15)

Altars:


Innate Abilities, Weirdness & Mutations

You have large cloven feet.


Message History

The orc shouts!
You kick the iguana.
The iguana is lightly wounded.
A kobold comes into view.
It is wielding a +5 short sword of draining.
The iguana bites you.
You barely miss the iguana. You kick the iguana, but do no damage.
The iguana is lightly wounded.
The iguana barely misses you.
An orc comes into view. It is wielding a +0 hand axe.
The orc barely misses you. You block the iguana's attack.
The orc moves out of view.
You closely miss the iguana. You kick the iguana, but do no damage.
The iguana is lightly wounded.
You barely miss the orc. You block the iguana's attack.
An endoplasm comes into view.
The orc hits you but does no damage.
You feel drained.
You barely miss the iguana. You kick the iguana.
The iguana is lightly wounded.
You hit the jackal. You hit the orc. You block the jackal's attack.
You block the iguana's attack.
The jackal bites you but does no damage.
The iguana bites you. The orc closely misses you.
You hit the iguana but do no damage.
The iguana is lightly wounded.
You hit the jackal.
You kill the jackal!
You hit the orc. The iguana closely misses you.
The orc hits you from afar with a +0 trident.
The orc hits you with a +2 hand axe of electrocution.
You barely miss the orc.
The orc is lightly wounded.
You slash the orc!
You kill the orc!
You hit the iguana. You block the iguana's attack.
The orc hits you from afar with a +0 trident.
An orc comes into view. It is wielding a +0 falchion.
The orc hits you but does no damage. x3; You are electrocuted!
* * * LOW HITPOINT WARNING * * *
The iguana bites you!
You die...

.....
#######.#...
#.........#
#.........#
#.........#
#.........#
#.........#
#......K..#
#.....@o..#
#######l.##
#o.# #J..
..... ....
... ...


You could see an iguana, 2 orcs, an endoplasm and a kobold.

Vanquished Creatures
  An adder (D:2)
  A dart slug (D:2)
  An orc (D:4)
  6 endoplasms
  2 giant cockroaches
  3 goblins (D:1)
  3 hobgoblins (D:1)
  A jackal (D:4)
  5 ball pythons
  4 bats (D:1)
  3 frilled lizards (D:1)
  3 kobolds (D:1)
  7 rats
40 creatures vanquished.

Notes
Turn   | Place    | Note
-------+----------+-------------------------------------------
     0 | D:1      | Pimp the Demonspawn Fighter began the quest for the Orb.
     0 | D:1      | Reached XP level 1. HP: 18/18 MP: 1/1
   176 | D:1      | Gained mutation: You have large cloven feet. [demonic
                  | ancestry]
   176 | D:1      | Reached XP level 2. HP: 24/24 MP: 2/2
   568 | D:1      | Reached XP level 3. HP: 29/29 MP: 3/3
   766 | D:2      | Found a faded altar of an unknown god.
   976 | D:2      | You fall into a shaft and drop 2 floors!
   990 | D:4      | Mangled by an iguana

Illustrated notes

Levels and vault maps discovered:
D:1:      sevenhm_arrival_forest_fort_small_6, layout_basic
D:2:      layout_basic, hellmonk_ecumenical_altar_blasted, uniq_robin
D:4:      layout_rooms, gup_ossuary_entry_pyramid

Skill      XL: |  1  2 |
---------------+-------+-----
Axes           | 2 |  2.3
Armour         | 3 |  3.1
Shields        | 3 |  3.1
Fighting       | |  3.5

Action                     || total
---------------------------++-------
  Melee: War axe           ||    81
         Kick              ||    11
    Use: Scroll            ||     1
 Armour: Scale mail        ||    46
  Dodge: Dodged            ||    36
  Block: Buckler           ||    22

Table legend: (Time is in decaauts)
 A = Elapsed time spent in this place.
 B = Non-inter-level travel time spent in this place.
 C = Inter-level travel time spent in this place.
 D = Time resting spent in this place.
 E = Time spent auto-exploring this place.
 F = Levels seen in this place.
 G = Mean time per level.
                   A        B        C        D        E       F      G
               +--------+--------+--------+--------+--------+-----+--------+
         Total |   1025 |    987 |     38 |      3 |    724 |   3 |  341.7 |
       Dungeon |   1025 |    987 |     38 |      3 |    724 |   3 |  341.7 |
               +--------+--------+--------+--------+--------+-----+--------+

Top non-repeatable levels by time:
     D:1: 770 daAuts
     D:2: 239 daAuts
     D:4: 16 daAuts
